 Dungeon Crawl Stone Soup version 0.23.2-11-gf996548c65 (webtiles) character file.

Game seed: 10197734531632846682

777 Kobolds4U the Carver (level 7, -2/58 HPs)
             Began as a Minotaur Berserker on June 3, 2019.
             Was a Priest of Trog.
             Shot with an arrow by a centaur (15 damage)
             ... on level 5 of the Dungeon.
             The game lasted 00:08:39 (5317 turns).

Kobolds4U the Carver (Minotaur Berserker)           Turns: 5317, Time: 00:08:40

Health: -2/58      AC:  3    Str: 21    XL:     7   Next: 54%
Magic:  6/6        EV: 12    Int:  4    God:    Trog [***...]
Gold:   143        SH:  0    Dex: 12    Spells: 6/6 levels left

rFire    . . .     SeeInvis .   a - +0 long sword
rCold    . . .     Gourm    .   (no shield)
rNeg     . . .     Faith    .   w - +0 leather armour
rPois    .         Spirit   .   (helmet restricted)
rElec    .         Reflect  .   (no cloak)
rCorr    .         Harm     .   (no gloves)
MR       .....                  (no boots)
Stlth    +.........             (no amulet)
HPRegen  0.19/turn              (no ring)
MPRegen  0.10/turn              (no ring)

@: no status effects
A: retaliatory headbutt, horns 2
a: Berserk, Trog's Hand, Renounce Religion


You were on level 5 of the Dungeon.
You worshipped Trog.
Trog was most pleased with you.
You were not hungry.

You visited 1 branch of the dungeon, and saw 5 of its levels.

You collected 143 gold pieces.

Inventory:

Hand Weapons
 a - a +0 long sword (weapon)
 y - a +5 rapier of electrocution
Missiles
 h - 41 arrows
Armour
 b - a +0 animal skin
 w - a +0 leather armour (worn)
 B - a +0 scale mail
Jewellery
 k - an uncursed ring of ice
 A - a cursed -4 ring of intelligence {unknown}
Wands
 v - a wand of polymorph (8)
 x - a wand of flame (16)
Scrolls
 d - 2 scrolls of magic mapping {unknown}
 e - 2 scrolls of remove curse {unknown}
 f - 3 scrolls of teleportation
 g - a scroll of identify {unknown}
 j - a scroll of fear {unknown}
 l - a scroll of immolation {unknown}
 n - a scroll of fog {unknown}
 o - 3 scrolls of amnesia {unknown}
 p - a scroll of enchant armour {unknown}
 C - a scroll of blinking {unknown}
Potions
 i - 4 potions of curing {unknown}
 m - a potion of might {unknown}
 q - a potion of degeneration {unknown}
 r - a potion of magic {unknown}
 s - 3 potions of resistance {unknown}
 t - 2 potions of lignification {unknown}
 u - a potion of haste {unknown}
Comestibles
 c - 8 rations
 z - 6 chunks of flesh


   Skills:
 - Level 3.8 Fighting
 + Level 10.4 Long Blades
 - Level 2.7 Armour
 - Level 2.4 Dodging


You had 6 spell levels left.
You didn't know any spells.
Your spell library was empty.

Dungeon Overview and Level Annotations

Branches:
Dungeon (5/15)
 Temple: D:4-7

Altars:
Elyvilon
Okawaru


Innate Abilities, Weirdness & Mutations

You reflexively headbutt those who attack you in melee.
You have a pair of horns on your head.


Message History

You are too injured to fight recklessly!
You are too injured to fight recklessly!
You are too injured to fight recklessly!
You are too injured to fight recklessly!
You are too injured to fight recklessly!
You barely miss the iguana. Your headbutt misses the iguana.
The iguana is severely wounded.
The iguana bites you!
* * * LOW HITPOINT WARNING * * *
You hit the iguana.
The iguana is severely wounded.
The iguana bites you.
* * * LOW HITPOINT WARNING * * *
An adder comes into view.
The adder hisses angrily.
A centaur comes into view.
The centaur shouts!
The centaur wields a +0 shortbow.
The centaur shoots an arrow.
The arrow hits you!
You die...

....##.###...
#.... ............
#..... ..
....S...c ##....#
.##........ ...(..
.... .....
###....##..# ...
..##......# #.#
#.#.......# #@#
##.#.......###.#.#
#...........##.#l#
#...........##.#.#
#...).......##.#.#
##.#<###+##.##.#.#
#.#.).......#.#.#
#.......:...#.#.#
.............#.#.#


You could see a centaur, an iguana and an adder.

Vanquished Creatures
  Eustachio (D:4)
  A sky beast (D:3)
  A phantom (D:4)
  A scorpion (D:4)
  A howler monkey (D:4)
  A hound (D:4)
  A bullfrog skeleton (D:4)
  4 worker ants (D:4)
  A hound zombie (D:5)
  10 adders
  An ooze (D:3)
  An adder skeleton (D:4)
  3 worms
  4 dart slugs
  2 leopard geckos
  5 orcs
  8 bats
  7 giant cockroaches
  13 hobgoblins
  3 quokkas
  2 ball pythons
  5 frilled lizards
  11 goblins
  7 kobolds
  6 rats
100 creatures vanquished.

Notes
Turn   | Place    | Note
-------+----------+-------------------------------------------
     0 | D:1      | Kobolds4U the Minotaur Berserker began the quest for the
                  | Orb.
     0 | D:1      | Reached XP level 1. HP: 19/19 MP: 0/0
   332 | D:1      | Reached XP level 2. HP: 21/27 MP: 1/1
   489 | D:1      | Reached skill level 4 in Long Blades
  1043 | D:2      | Reached XP level 3. HP: 31/33 MP: 2/2
  1044 | D:2      | Reached ** piety under Trog
  1132 | D:2      | Reached skill level 5 in Long Blades
  1399 | D:2      | Reached XP level 4. HP: 34/40 MP: 3/3
  1892 | D:2      | Reached skill level 6 in Long Blades
  2866 | D:3      | Reached XP level 5. HP: 46/46 MP: 4/4
  3325 | D:3      | Found an iron altar of Okawaru.
  3327 | D:3      | Reached skill level 7 in Long Blades
  3347 | D:3      | Noticed a sky beast
  3357 | D:3      | Killed a sky beast
  3357 | D:3      | Reached skill level 8 in Long Blades
  3357 | D:3      | Reached XP level 6. HP: 13/52 MP: 5/5
  4424 | D:4      | Reached skill level 9 in Long Blades
  4481 | D:4      | Found a white marble altar of Elyvilon.
  4572 | D:4      | Reached XP level 7. HP: 36/58 MP: 6/6
  4722 | D:4      | Reached *** piety under Trog
  5144 | D:5      | Entered Level 5 of the Dungeon
  5144 | D:5      | Noticed Eustachio
  5156 | D:4      | Killed Eustachio
  5156 | D:4      | Reached skill level 10 in Long Blades
  5317 | D:5      | Shot with an arrow by a centaur

Skill      XL: |  1  2  3  4  5  6  7 |
---------------+----------------------+-----
Long Blades    | 4 5 6 8 9 10 | 10.4
Fighting       | |  3.8
Armour         | |  2.7
Dodging        | |  2.4

Action                   |  1- 3 |  4- 6 |  7- 9 || total
-------------------------+-------+-------+-------++-------
Melee: Falchion          |    74 |    85 |       ||   159
       Headbutt          |    14 |    33 |    10 ||    57
       Long sword        |       |    56 |    31 ||    87
Invok: Berserk           |       |       |     1 ||     1
  Use: Scroll            |       |     1 |       ||     1
 Stab: Sleeping          |       |     1 |       ||     1
  Eat: Chunk             |     2 |    10 |     3 ||    15
Armor: Animal skin       |    10 |    16 |       ||    26
       Leather armour    |       |       |     2 ||     2
Dodge: Dodged            |    60 |    71 |    12 ||   143
       Rpst.: Falchion   |    18 |    15 |       ||    33
       Long sword        |       |     6 |     6 ||    12
